[Event "Titled Tuesday Blitz May 2 Late 2023"]
[White "Stanisz, Patryk"]
[Black "Klenburg, Michael"]
[WhiteFideId "1123106"]
[BlackFideId "14102072"]
[WhiteElo "2069"]
[BlackElo "2396"]
[Result "0-1"]
[Round "01"]
[TimeControl "180+2"]
[Date "2023.05.02"]
[WhiteClock "0:00:00"]
[BlackClock "0:00:00"]

1. d4 d6 2. Nf3 Nf6 3. c4 Nbd7 4. Nc3 e5 5. e4 Be7 6. Be2 O-O 7. O-O c6 8. Qc2 Qc7 9. b3 a6 10. Bb2 Re8 11. Rac1 b6 12. a4 Nf8 13. d5 c5 14. Rfe1 Ng6 15. Bf1 h6 16. g3 Bd7 17. Ra1 Rf8 18. Bc1 Ne8 19. Bd3 Bh3 20. a5 bxa5 21. Qa2 Bd8 22. Bd2 Qb7 23. Bf1 Bxf1 24. Kxf1 Rb8 25. Reb1 f5 26. Ne1 Qf7 27. Kg2 Ne7 28. f3 Nf6 29. Qc2 Qg6 30. Qd3 h5 31. exf5 Nxf5 32. Ne4 h4 33. Bxa5 hxg3 34. Bxd8 gxh2+ 35. Kxh2 Rbxd8 36. Ra2 Kf7 37. Rg2 Rh8+ 38. Kg1 Qh5 39. Ra1 Nxe4 40. Qxe4 Nh4 41. Qg4 Nxg2 42. Qxh5+ Rxh5 43. Nxg2 Ra8 44. Kf2 Ke7 45. Ne3 Kd7 46. Ng4 Rhh8 47. Ke3 Rhb8 48. Ra3 a5 49. Ke4 Rf8 50. Ne3 Rf4+ 51. Kd3 Rd4+ 52. Ke2 g6 53. Ng4 Rf4 54. Ne3 Kc7 55. Ra4 Kb6 56. Nf1 Rh8 57. Nd2 Rh2+ 58. Kd3 Rd4+ 59. Kc3 Rhxd2 60. f4 R4d3# 0-1


[Site "https://www.chess.com"]

[Event "Titled Tuesday Blitz May 2 Late 2023"]
[White "Marek, Matyas"]
[Black "Fernandez Madrid, Carlos"]
[WhiteFideId "335398"]
[BlackFideId "2206030"]
[WhiteElo "2279"]
[BlackElo "2082"]
[Result "1-0"]
[Round "01"]
[TimeControl "180+2"]
[Date "2023.05.02"]
[WhiteClock "0:00:01"]
[BlackClock "0:00:01"]

1. Nf3 d6 2. g3 g6 3. Bg2 Bg7 4. O-O c5 5. d3 Nf6 6. e4 O-O 7. c3 Nc6 8. Re1 e5 9. Nbd2 Bg4 10. h3 Be6 11. Ng5 Qd7 12. Nxe6 fxe6 13. Nc4 b5 14. Ne3 Rae8 15. a4 a6 16. axb5 axb5 17. Qb3 Nd8 18. Ra6 Nh5 19. Rb6 Qf7 20. Rf1 c4 21. Qxb5 cxd3 22. Rxd6 Bh6 23. Qxd3 Nb7 24. Rd7 Re7 25. Rxe7 Qxe7 26. b4 Nf4 27. gxf4 exf4 28. Ng4 Bg7 29. e5 h5 30. Nf6+ Bxf6 31. exf6 Qxf6 32. Bxb7 f3 33. Bxf3 Qxf3 34. Qxf3 Rxf3 35. Be3 1-0


[Site "https://www.chess.com"]

[Event "Titled Tuesday Blitz May 2 Late 2023"]
[White "Adewumi, Tanitoluwa"]
[Black "Estremera Panos, Sergio"]
[WhiteFideId "30966396"]
[BlackFideId "2200864"]
[WhiteElo "2283"]
[BlackElo "2253"]
[Result "1-0"]
[Round "01"]
[TimeControl "180+2"]
[Date "2023.05.02"]
[WhiteClock "0:00:00"]
[BlackClock "0:00:00"]

1. e4 c5 2. Nf3 Nc6 3. Bb5 Nf6 4. e5 Nd5 5. Bxc6 bxc6 6. O-O g6 7. d4 cxd4 8. Qxd4 Bg7 9. c4 Nc7 10. Nc3 Ne6 11. Qh4 O-O 12. Bh6 Rb8 13. b3 Qa5 14. Ne4 Bxe5 15. Nxe5 Qxe5 16. Qxe7 Qxe4 17. Bxf8 Qf4 18. Qd6 Qxd6 19. Bxd6 Ra8 20. Rae1 c5 21. Re5 Bb7 22. f4 Rc8 23. f5 gxf5 24. Rfxf5 Rc6 25. Be7 Nd4 26. Rg5+ Kh8 27. Bf6+ Rxf6 28. Re8# 1-0


[Site "https://www.chess.com"]

[Event "Titled Tuesday Blitz May 2 Late 2023"]
[White "Georg, Heinz"]
[Black "Perske, Thore"]
[WhiteFideId "4607295"]
[BlackFideId "12902195"]
[WhiteElo "2147"]
[BlackElo "2336"]
[Result "0-1"]
[Round "01"]
[TimeControl "180+2"]
[Date "2023.05.02"]
[WhiteClock "0:00:00"]
[BlackClock "0:00:00"]

1. c4 c6 2. d4 d5 3. cxd5 cxd5 4. Nc3 e5 5. f3 Nc6 6. e4 Bb4 7. a3 Bxc3+ 8. bxc3 exd4 9. cxd4 Be6 10. Be3 dxe4 11. fxe4 Qh4+ 12. g3 Qxe4 13. Qf3 Qc2 14. Rc1 Qb3 15. Bg2 Nge7 16. Ne2 Bd5 17. Qf2 Bxg2 18. Rc3 Qb1+ 19. Rc1 Qe4 20. Rg1 Bh3 21. Nc3 Qg6 22. d5 Ne5 23. Rd1 O-O 24. d6 N7c6 25. Rd5 Nd3+ 26. Rxd3 Qxd3 27. Bd2 Rfe8+ 28. Kd1 Nd4 29. Re1 Qc2# 0-1


[Site "https://www.chess.com"]

[Event "Titled Tuesday Blitz May 2 Late 2023"]
[White "Janaszak, Dawid"]
[Black "Smith, Garrett L"]
[WhiteFideId "1119206"]
[BlackFideId "2024829"]
[WhiteElo "2220"]
[BlackElo "2047"]
[Result "1-0"]
[Round "01"]
[TimeControl "180+2"]
[Date "2023.05.02"]
[WhiteClock "0:00:00"]
[BlackClock "0:00:00"]

1. e4 c5 2. Nc3 Nc6 3. Bb5 Na5 4. Nf3 a6 5. Be2 b5 6. d4 b4 7. Na4 cxd4 8. Qxd4 e6 9. Bg5 Nf6 10. e5 Nc6 11. Qh4 Qa5 12. exf6 Qxa4 13. b3 Qa5 14. O-O h6 15. fxg7 Bxg7 16. Bf6 Bxf6 17. Qxf6 Rg8 18. Rfd1 Rg6 19. Qh8+ Ke7 20. Bd3 f5 21. Qh7+ Kf6 22. Nh4 Rg4 23. Qxh6+ Ke7 24. h3 Rd4 25. Bc4 Bb7 26. Rxd4 Nxd4 27. Qg7+ 1-0


[Site "https://www.chess.com"]

[Event "Titled Tuesday Blitz May 2 Late 2023"]
[White "Panico, Nick"]
[Black "Hnydiuk, Aleksander"]
[WhiteFideId "2026724"]
[BlackFideId "1109057"]
[WhiteElo "1982"]
[BlackElo "2374"]
[Result "1-0"]
[Round "01"]
[TimeControl "180+2"]
[Date "2023.05.02"]
[WhiteClock "0:00:00"]
[BlackClock "0:00:00"]

1. d4 Nf6 2. Bf4 e6 3. e3 c5 4. c3 Be7 5. Nd2 O-O 6. h3 b6 7. a4 cxd4 8. exd4 d6 9. Ngf3 Ba6 10. Bb5 Qc8 11. Qe2 Bxb5 12. axb5 Qb7 13. O-O a6 14. bxa6 Nxa6 15. Nc4 Rfd8 16. Rfe1 b5 17. Ne3 Bf8 18. Qc2 Nc7 19. Bg5 Rxa1 20. Rxa1 Ra8 21. Rxa8 Qxa8 22. Bxf6 gxf6 23. Ng4 Bg7 24. Qd2 Qe4 25. Nh6+ Kf8 26. Ng4 Nd5 27. Ne3 Bh6 28. Qe2 Nxe3 29. fxe3 Qxe3+ 30. Qxe3 Bxe3+ 31. Kf1 Bc1 32. b3 d5 33. Ke2 Ke7 34. Kd3 Kd6 35. g4 e5 36. Nh4 Bg5 37. Nf5+ Ke6 38. Ng7+ Kd7 39. c4 bxc4+ 40. bxc4 e4+ 41. Kc3 Kc6 42. Nf5 dxc4 43. Kxc4 Bf4 44. d5+ Kd7 45. Kd4 e3 46. Nxe3 Kd6 47. Nf5+ Kd7 48. Ke4 Be5 49. h4 Bb2 50. Ne3 Bc1 51. Nc4 Ke7 52. Kf5 1-0


[Site "https://www.chess.com"]

[Event "Titled Tuesday Blitz May 2 Late 2023"]
[White "Poltorak, Sebastian"]
[Black "Chakravarthi Reddy, M"]
[WhiteFideId "1199498"]
[BlackFideId "25009532"]
[WhiteElo "2195"]
[BlackElo "2201"]
[Result "1-0"]
[Round "01"]
[TimeControl "180+2"]
[Date "2023.05.02"]
[WhiteClock "0:00:00"]
[BlackClock "0:00:00"]

1. e4 e5 2. Nc3 Nc6 3. Nf3 Nf6 4. g3 Bc5 5. Bg2 O-O 6. d3 d5 7. exd5 Nxd5 8. O-O Re8 9. Re1 f6 10. Nxd5 Qxd5 11. Be3 Bxe3 12. fxe3 Bg4 13. h3 Bh5 14. g4 Bf7 15. e4 Qc5+ 16. Kh2 Rad8 17. Qd2 Qb4 18. Qf2 Nd4 19. Nxd4 exd4 20. b3 b6 21. Rf1 a5 22. g5 Qd6+ 23. Kh1 Re6 24. gxf6 Rxf6 25. Qh4 Rh6 26. Qf4 Qd7 27. Rf2 Be6 28. Raf1 Rf6 29. Qh4 Rxf2 30. Rxf2 Rf8 31. Rxf8+ Kxf8 32. Qxh7 Qf7 33. Qh8+ Ke7 34. Qh4+ Kd7 35. Qg3 Kc8 36. Kh2 a4 37. Qf3 Qd7 38. e5 a3 39. Qa8# 1-0


[Site "https://www.chess.com"]

[Event "Titled Tuesday Blitz May 2 Late 2023"]
[White "Melikyan, Gnel"]
[Black "Djabri,Massinas"]
[WhiteFideId "54109990"]
[BlackFideId "7905726"]
[WhiteElo "2138"]
[BlackElo "2194"]
[Result "1-0"]
[Round "01"]
[TimeControl "180+2"]
[Date "2023.05.02"]
[WhiteClock "0:00:00"]
[BlackClock "0:00:00"]

1. c4 Nf6 2. Nc3 e5 3. g3 Bb4 4. Bg2 O-O 5. Nf3 Re8 6. O-O c6 7. a3 Bf8 8. e4 d5 9. cxd5 cxd5 10. exd5 Nxd5 11. Re1 Nxc3 12. dxc3 Qxd1 13. Rxd1 Nc6 14. b4 Bg4 15. h3 Bh5 16. g4 Bg6 17. Be3 Rac8 18. c4 a6 19. Nh4 Bc2 20. Rd2 Bb3 21. c5 g6 22. Rb1 Ba4 23. Rd7 Re7 24. Rxe7 Bxe7 25. Nf3 Rd8 26. Bf1 f5 27. Bc4+ Kg7 28. Bg5 e4 29. Bxe7 Nxe7 30. Ng5 Rd2 31. b5 h6 32. bxa6 bxa6 33. Ne6+ Kf6 34. Rb6 Ke5 35. Nf8 Bd1 36. Re6+ Kd4 37. Bxa6 1-0


[Site "https://www.chess.com"]

[Event "Titled Tuesday Blitz May 2 Late 2023"]
[White "Coelho, Ramyres Santana"]
[Black "Nazaretyan, Tigran"]
[WhiteFideId "2120690"]
[BlackFideId "24162345"]
[WhiteElo "1888"]
[BlackElo "2111"]
[Result "1-0"]
[Round "01"]
[TimeControl "180+2"]
[Date "2023.05.02"]
[WhiteClock "0:00:00"]
[BlackClock "0:00:00"]

1. e4 c5 2. Nf3 Nc6 3. d4 cxd4 4. Nxd4 Nf6 5. Nc3 d6 6. Be3 e5 7. Ndb5 a6 8. Na3 b5 9. Nd5 Nxd5 10. exd5 Ne7 11. Be2 Nf5 12. O-O Be7 13. g4 Nxe3 14. fxe3 Qb6 15. Qd3 Bg5 16. c4 Qxe3+ 17. Qxe3 Bxe3+ 18. Kg2 b4 19. Nc2 Bc5 20. a3 b3 21. Nb4 O-O 22. Nc6 Bd7 23. h3 a5 24. a4 g6 25. g5 Kg7 26. Rf6 h6 27. h4 hxg5 28. hxg5 Rh8 29. Rh1 Rxh1 30. Kxh1 Rh8+ 31. Kg2 Rh4 32. Nxa5 Re4 33. Bf3 Rd4 34. Nxb3 Rxc4 35. Nxc5 Rxc5 36. Rxd6 Bxa4 37. b4 Rc2+ 38. Kg3 Rc3 39. Kg2 Bc2 40. b5 e4 41. Be2 Bd3 42. Bxd3 exd3 43. Kf2 Rb3 44. b6 Kf8 45. Ke3 Ke7 46. Rc6 Rb5 47. d6+ Ke6 48. Kxd3 Rxg5 49. b7 Rb5 50. Rc7 f5 51. d7 Ke7 52. Rc8 Kxd7 53. b8=Q Rxb8 54. Rxb8 Ke6 55. Ke3 g5 56. Kf3 Kf6 57. Rb6+ Ke5 58. Rb5+ Kf6 59. Kg3 Kg6 60. Kh3 Kf6 61. Kg3 Kg6 62. Re5 Kf6 63. Re1 Kg6 64. Re6+ Kh5 65. Rf6 f4+ 66. Kf3 Kh4 67. Rh6# 1-0


[Site "https://www.chess.com"]

[Event "Titled Tuesday Blitz May 2 Late 2023"]
[White "Phillips, Rene"]
[Black "Vlassov, Nikolai"]
[WhiteFideId "2056275"]
[BlackFideId "4103360"]
[WhiteElo "1852"]
[BlackElo "2324"]
[Result "0-1"]
[Round "01"]
[TimeControl "180+2"]
[Date "2023.05.02"]
[WhiteClock "0:00:00"]
[BlackClock "0:00:01"]

1. Nf3 c5 2. b3 Nc6 3. e3 Nf6 4. Bb2 Qc7 5. Bb5 a6 6. Be2 e5 7. d3 d5 8. Nbd2 Bd6 9. e4 d4 10. a4 O-O 11. O-O Bd7 12. Nc4 b5 13. Ncd2 Nh5 14. g3 g6 15. Re1 Ng7 16. Nh4 f5 17. axb5 axb5 18. Rxa8 Rxa8 19. exf5 gxf5 20. Bf3 Rf8 21. Bd5+ Kh8 22. Qf3 Ne7 23. Qg2 Nxd5 24. Qxd5 Bc6 0-1


[Site "https://www.chess.com"]

[Event "Titled Tuesday Blitz May 2 Late 2023"]
[White "Danielyan, Vahe"]
[Black "Ferro, Mario"]
[WhiteFideId "13304828"]
[BlackFideId "810290"]
[WhiteElo "2423"]
[BlackElo "2217"]
[Result "1-0"]
[Round "01"]
[TimeControl "180+2"]
[Date "2023.05.02"]
[WhiteClock "0:00:01"]
[BlackClock "0:00:00"]

1. e4 g6 2. d4 Bg7 3. Nc3 d6 4. Nf3 a6 5. h3 Nd7 6. Be2 b5 7. O-O Bb7 8. a3 e5 9. Bg5 f6 10. Be3 Ne7 11. Qd2 O-O 12. Rad1 f5 13. dxe5 Nxe5 14. Nd4 Qd7 15. exf5 Nxf5 16. Nxf5 gxf5 17. f4 Nc4 18. Bxc4+ bxc4 19. Bd4 Rae8 20. Rde1 Rxe1 21. Rxe1 Re8 22. Rxe8+ Qxe8 23. Bxg7 Kxg7 24. Qd4+ Kg6 25. Qxc4 c5 26. Qd3 Qc6 27. Qg3+ Kf6 28. Qg5+ Ke6 29. Kh2 1-0


[Site "https://www.chess.com"]

[Event "Titled Tuesday Blitz May 2 Late 2023"]
[White "Prem, Pranav"]
[Black "Barria Santos, Jose Guilherme"]
[WhiteFideId "30901057"]
[BlackFideId "1939300"]
[WhiteElo "1970"]
[BlackElo "2266"]
[Result "1-0"]
[Round "01"]
[TimeControl "180+2"]
[Date "2023.05.02"]
[WhiteClock "0:00:00"]
[BlackClock "0:00:00"]

1. d4 Nf6 2. c4 g6 3. Nc3 Bg7 4. e4 d6 5. Nf3 O-O 6. Be2 e5 7. O-O exd4 8. Nxd4 Re8 9. f3 c6 10. Kh1 Nbd7 11. Be3 d5 12. cxd5 cxd5 13. Bg5 dxe4 14. Nxe4 h6 15. Bh4 Qb6 16. Nc3 Nh5 17. Nb3 Nf4 18. Bf2 Qd8 19. Re1 Qg5 20. Bf1 Rxe1 21. Qxe1 Nf6 22. Bh4 Qf5 23. Qe7 g5 24. Qd8+ Kh7 25. Bg3 Qd7 26. Rd1 Qxd8 27. Rxd8 Ne6 28. Bd3+ Ne4 29. Bxe4+ f5 30. Bxf5# 1-0


[Site "https://www.chess.com"]

[Event "Titled Tuesday Blitz May 2 Late 2023"]
[White "Osmonbekov, Talaibek"]
[Black "Roebers, Eline"]
[WhiteFideId "2017253"]
[BlackFideId "1058401"]
[WhiteElo "2135"]
[BlackElo "2356"]
[Result "1-0"]
[Round "01"]
[TimeControl "180+2"]
[Date "2023.05.02"]
[WhiteClock "0:00:00"]
[BlackClock "0:00:00"]

1. d4 f5 2. e4 fxe4 3. Nc3 Nf6 4. Bg5 g6 5. Qd2 d5 6. f3 Bf5 7. O-O-O Nbd7 8. g4 Be6 9. fxe4 dxe4 10. d5 Bxg4 11. Be2 Bxe2 12. Ngxe2 h6 13. Nf4 hxg5 14. Ne6 Qc8 15. Nb5 c6 16. Nbc7+ Kf7 17. Nxa8 Qxa8 18. Nxg5+ Kg8 19. dxc6 bxc6 20. Qd4 Bh6 21. Qc4+ Nd5 22. h4 e3 23. Qe4 Bxg5 24. Qxg6+ Kf8 25. hxg5 Rg8 26. Rdf1+ N7f6 27. Qh6+ Ke8 28. gxf6 exf6 29. Qh7 Rf8 30. c4 Ne7 31. Re1 Rf7 32. Qh8+ Rf8 33. Qh5+ Kd7 34. Rxe3 1-0


[Site "https://www.chess.com"]

[Event "Titled Tuesday Blitz May 2 Late 2023"]
[White "Goncalves, Davi Sulzbacher"]
[Black "Lopez Perdomo, Juan David"]
[WhiteFideId "2154510"]
[BlackFideId "4405137"]
[WhiteElo "2182"]
[BlackElo "1965"]
[Result "0-1"]
[Round "01"]
[TimeControl "180+2"]
[Date "2023.05.02"]
[WhiteClock "0:00:00"]
[BlackClock "0:00:00"]

1. c4 e6 2. d4 c5 3. d5 exd5 4. cxd5 d6 5. Nc3 Nf6 6. g3 g6 7. Bg2 Bg7 8. Nf3 h5 9. Bg5 O-O 10. O-O Re8 11. e4 Qa5 12. Re1 b5 13. e5 dxe5 14. Nxe5 Bb7 15. a4 b4 16. Nb5 Nbd7 17. Nc4 Rxe1+ 18. Qxe1 Qd8 19. Nbd6 Ba6 20. Rc1 Qf8 21. Qd2 Nb6 22. Nxb6 axb6 23. Ne4 Nxe4 24. Bxe4 Qd6 25. Bf4 Be5 26. Bxe5 Qxe5 27. Re1 Re8 28. d6 Rd8 29. Bxg6 Qxd6 30. Qd3 Bxd3 0-1


[Site "https://www.chess.com"]

[Event "Titled Tuesday Blitz May 2 Late 2023"]
[White "Tsotsonava, Elene"]
[Black "Krishnan, Varun"]
[WhiteFideId "13615939"]
[BlackFideId "5054508"]
[WhiteElo "1829"]
[BlackElo "2341"]
[Result "0-1"]
[Round "01"]
[TimeControl "180+2"]
[Date "2023.05.02"]
[WhiteClock "0:00:00"]
[BlackClock "0:00:00"]

1. e4 e5 2. Nf3 Nc6 3. Bb5 a6 4. Ba4 Nf6 5. O-O Be7 6. Re1 b5 7. Bb3 O-O 8. a4 Bb7 9. d3 d6 10. Bd2 b4 11. Bg5 Na5 12. Ba2 c5 13. Nbd2 Bc6 14. Nc4 Nxc4 15. Bxc4 Nd7 16. Bxe7 Qxe7 17. a5 Nf6 18. Nd2 Bb5 19. Qe2 Rfd8 20. Nf1 Qb7 21. f3 Ne8 22. Bd5 Bc6 23. Bc4 Nc7 24. Ne3 Ne6 25. c3 Nf4 26. Qf2 Bb5 27. Qd2 Bxc4 28. Nxc4 Qe7 29. g3 Ne6 30. cxb4 cxb4 31. Nb6 Rab8 32. Qxb4 Nc5 33. d4 Nd3 34. Qc4 Nxe1 35. Rxe1 exd4 36. Qxa6 d5 37. e5 Qc5 38. Rb1 d3+ 39. Kh1 Qe3 40. Rf1 Re8 41. f4 Qe4+ 42. Kg1 Qe3+ 43. Kh1 Re6 44. Qb5 Qe2 45. Kg1 Rh6 46. Rf2 Qe1+ 47. Rf1 Qe3+ 48. Kg2 Qe2+ 49. Rf2 Rxh2+ 50. Kxh2 Qxf2+ 51. Kh3 d2 52. Qxd5 Qf1+ 53. Kh4 d1=Q 54. Qd6 Qh1+ 55. Kg5 Qhh5# 0-1


[Site "https://www.chess.com"]

[Event "Titled Tuesday Blitz May 2 Late 2023"]
[White "Aggelis, Nikolaos"]
[Black "Senft, Sean"]
[WhiteFideId "4213220"]
[BlackFideId "2044960"]
[WhiteElo "2189"]
[BlackElo "1989"]
[Result "1/2-1/2"]
[Round "01"]
[TimeControl "180+2"]
[Date "2023.05.02"]
[WhiteClock "0:00:00"]
[BlackClock "0:00:00"]

1. c4 c5 2. Nf3 Nc6 3. d4 cxd4 4. Nxd4 g6 5. g3 Bg7 6. Nxc6 dxc6 7. Qxd8+ Kxd8 8. e4 Be6 9. Be2 Nf6 10. Nc3 Nd7 11. Be3 Bxc3+ 12. bxc3 Nb6 13. c5 Nc4 14. O-O-O+ Kc7 15. Bf4+ Kc8 16. Rd4 Na3 17. c4 b5 18. cxb5 Nxb5 19. Rhd1 a6 20. Ra4 Rd8 21. Rxd8+ Kxd8 22. Be5 Kc8 23. Kb2 Kb7 24. Ra5 Rd8 25. a4 Rd2+ 26. Kc1 Rxe2 27. axb5 axb5 28. Bd4 Rxe4 29. Be3 f5 30. h4 Bd5 31. Ra1 e5 32. Kd1 f4 33. gxf4 exf4 34. Bd2 f3 35. h5 Bb3+ 36. Kc1 Rc4+ 37. Kb1 Rxc5 38. hxg6 hxg6 39. Be3 Re5 40. Kb2 Bc4 41. Bd4 Re4 42. Kc3 Bd5 43. Be3 c5 44. Rg1 b4+ 45. Kd2 Re6 46. Bxc5 b3 47. Be3 Kc6 48. Kc3 Kb5 49. Rg5 Kc6 50. Rg4 Be4 51. Rf4 Bd5 52. Rg4 Re5 53. Rxg6+ Kb5 54. Rg4 Re4 55. Rxe4 Bxe4 56. Kxb3 Bd3 57. Kc3 Be2 58. Kd4 Ka4 59. Ke4 Kb3 60. Kf4 Kc2 61. Kg3 Kd1 62. Kf4 Kc2 63. Kg3 Kb3 64. Kf4 Ka4 65. Kg3 Kb5 66. Kf4 Kc6 67. Kg3 Kb5 68. Kf4 Kc6 69. Kg3 Kb5 1/2-1/2


[Site "https://www.chess.com"]

[Event "Titled Tuesday Blitz May 2 Late 2023"]
[White "Broca Jimenez, Fernando"]
[Black "Mortazavi, Ali"]
[WhiteFideId "5104742"]
[BlackFideId "401323"]
[WhiteElo "2062"]
[BlackElo "2339"]
[Result "0-1"]
[Round "01"]
[TimeControl "180+2"]
[Date "2023.05.02"]
[WhiteClock "0:00:00"]
[BlackClock "0:00:00"]

1. e4 c6 2. d4 d5 3. Nc3 dxe4 4. Nxe4 Nf6 5. Nxf6+ exf6 6. Nf3 Bd6 7. Bd3 O-O 8. O-O Bg4 9. c3 Re8 10. h3 Bh5 11. g4 Bg6 12. Bxg6 hxg6 13. Qd3 Nd7 14. Bd2 Nf8 15. Rfe1 Ne6 16. Re4 Bc7 17. Rae1 b5 18. Kg2 Rf8 19. R4e2 a5 20. Qe4 Qd7 21. Bc1 a4 22. Rd1 Rae8 23. d5 Nf4+ 24. Qxf4 Bxf4 25. Rxe8 Rxe8 26. Bxf4 cxd5 27. Nd4 a3 0-1


[Site "https://www.chess.com"]

[Event "Titled Tuesday Blitz May 2 Late 2023"]
[White "Vovk, Orest"]
[Black "Srdanovic, Jovana"]
[WhiteFideId "14113490"]
[BlackFideId "954810"]
[WhiteElo "2215"]
[BlackElo "2145"]
[Result "1-0"]
[Round "01"]
[TimeControl "180+2"]
[Date "2023.05.02"]
[WhiteClock "0:00:00"]
[BlackClock "0:00:00"]

1. h4 c5 2. h5 d5 3. e4 dxe4 4. Nc3 Bf5 5. Rh4 e5 6. g3 Be7 7. Bb5+ Nd7 8. Rh1 a6 9. Be2 h6 10. Bg4 Bh7 11. Qe2 Ngf6 12. Bh3 O-O 13. Bg2 Qc7 14. Nxe4 Nxe4 15. Bxe4 f5 16. Bd5+ Kh8 17. d3 Nf6 18. Bg2 Bd6 19. Bd2 Rae8 20. O-O-O b5 21. Nf3 b4 22. Nh4 e4 23. Ng6+ Bxg6 24. hxg6 Be5 25. dxe4 Qa5 26. Qc4 Ng8 27. f4 Bd4 28. e5 Ne7 29. Bxb4 cxb4 30. Rxd4 Rc8 31. Qb3 Nxg6 32. Rd6 Kh7 33. Bb7 Rc5 34. Bd5 1-0


[Site "https://www.chess.com"]

[Event "Titled Tuesday Blitz May 2 Late 2023"]
[White "Wieczorek, Zbigniew"]
[Black "Ozdemir, Serhan Berat"]
[WhiteFideId "1102001"]
[BlackFideId "6374611"]
[WhiteElo "2150"]
[BlackElo "2015"]
[Result "1-0"]
[Round "01"]
[TimeControl "180+2"]
[Date "2023.05.02"]
[WhiteClock "0:00:00"]
[BlackClock "0:00:00"]

1. Nf3 Nf6 2. c4 g6 3. Nc3 Bg7 4. e4 d6 5. d4 O-O 6. Be2 Bg4 7. Be3 Nfd7 8. h3 Bxf3 9. Bxf3 c5 10. d5 Na6 11. Qd2 Nc7 12. Be2 e6 13. a4 exd5 14. cxd5 Re8 15. O-O Qe7 16. Bd3 Ne5 17. Bf4 Nxd3 18. Qxd3 Bxc3 19. Qxc3 Qxe4 20. Bxd6 Nxd5 21. Qxc5 b6 22. Qa3 Rac8 23. Rae1 Qc4 24. Rxe8+ Rxe8 25. a5 b5 26. Bg3 a6 27. Qf3 Qe4 28. Qd1 Nf4 29. f3 Qe3+ 30. Bf2 Qe2 31. Qxe2 Re3 32. Bxe3 Nxe2+ 33. Kf2 1-0


[Site "https://www.chess.com"]

[Event "Titled Tuesday Blitz May 2 Late 2023"]
[White "Kourkoulos-Arditis, Stamatis"]
[Black "Quirke, Jeffrey"]
[WhiteFideId "4221990"]
[BlackFideId "2013029"]
[WhiteElo "2400"]
[BlackElo "2007"]
[Result "1-0"]
[Round "01"]
[TimeControl "180+2"]
[Date "2023.05.02"]
[WhiteClock "0:00:00"]
[BlackClock "0:00:00"]

1. e4 Nf6 2. e5 Nd5 3. d4 d6 4. Nf3 dxe5 5. Nxe5 c6 6. Be2 Bf5 7. O-O Nd7 8. Nf3 e6 9. c4 N5f6 10. Nc3 Bd6 11. h3 O-O 12. Be3 h6 13. Bd3 Bxd3 14. Qxd3 Qc7 15. Rad1 Rad8 16. Rfe1 Rfe8 17. Bc1 Bf4 18. Bxf4 Qxf4 19. g3 Qf5 20. Qxf5 exf5 21. Kg2 Ne4 22. Ne2 a5 23. Nf4 a4 24. Re3 Nb6 25. c5 Nd5 26. Nxd5 Rxd5 27. Rde1 Red8 28. Ra3 g5 29. Rxa4 Nf6 30. Rb4 R8d7 31. Re5 g4 32. Nh4 Rxe5 33. dxe5 Nd5 34. Rd4 f4 35. hxg4 fxg3 36. Kxg3 Re7 37. f4 Re8 38. Nf5 Ra8 39. a3 1-0


[Site "https://www.chess.com"]

[Event "Titled Tuesday Blitz May 2 Late 2023"]
[White "Cueto, Jonny"]
[Black "Richter, Paul"]
[WhiteFideId "3300145"]
[BlackFideId "2046350"]
[WhiteElo "2234"]
[BlackElo "2171"]
[Result "1/2-1/2"]
[Round "01"]
[TimeControl "180+2"]
[Date "2023.05.02"]
[WhiteClock "0:00:08"]
[BlackClock "0:00:04"]

1. d4 Nf6 2. Bf4 g6 3. Nc3 d5 4. e3 Bg7 5. h4 h5 6. Be2 O-O 7. Nf3 Bg4 8. Ne5 Bxe2 9. Qxe2 Nbd7 10. Nd3 c6 11. O-O Ne4 12. Nxe4 dxe4 13. Nc5 Nxc5 14. dxc5 Qd5 15. Rfd1 Qxc5 16. Rd7 b5 17. c3 e5 18. Bg3 Bf6 19. Rad1 Rad8 20. R1d6 Rxd7 21. Rxd7 Rd8 22. Qd2 Rxd7 23. Qxd7 a5 24. Kh2 Qd5 25. Qe8+ Kg7 26. Qa8 a4 27. Qe8 Qc5 28. Qd7 Qc4 29. Qe8 Qd5 30. Qb8 Kh7 31. Qc7 Kg8 32. Qb8+ Kg7 33. Qc7 Kh7 34. Qb8 Qd8 35. Qb7 Qe8 36. Qc7 Qe6 37. Qb8 Qxa2 38. Bxe5 Bxe5+ 39. Qxe5 Qe6 40. Qb8 Qf6 41. Kg3 Qf5 42. Qd8 c5 43. Qe7 Kg7 44. Qd6 c4 45. Qe7 Kg8 46. Qd8+ Kh7 47. Qe7 Kg7 48. Qd8 Qc5 49. Qa8 Qd6+ 50. Kh3 Qe5 51. Qd8 Qe6+ 52. Kh2 Qf6 53. Qd5 Qxh4+ 54. Kg1 Qe7 55. Qxb5 a3 56. bxa3 Qxa3 57. Qxc4 Qe7 58. Qd4+ Kh7 59. c4 h4 60. c5 Qg5 61. Qxe4 Qxc5 62. Qxh4+ Kg8 63. Qg3 Qc1+ 64. Kh2 Qd2 65. Qf3 Qd6+ 66. Qg3 Qd2 67. Qf3 Qd6+ 68. g3 Qd2 69. Kg2 Qd6 70. Qa8+ Kh7 71. Qf3 Kg8 72. e4 Qe6 73. Qf4 Qe7 74. f3 Qe6 75. g4 Qa2+ 76. Kg3 Qb1 77. Qe3 Qb8+ 78. Kf2 Qe8 79. Qf4 Qa4 80. Qb8+ Kg7 81. Qb2+ Kg8 82. Qe2 Qd4+ 83. Qe3 Qb2+ 84. Kg3 Qb1 85. Qf2 Qb3 86. Qh2 Qb8+ 87. Kg2 Qb2+ 88. Kh3 Qh8+ 89. Kg3 Qe5+ 90. Kh3 Qh8+ 91. Kg3 Qe5+ 92. Kg2 Qb2+ 93. Kh1 Qb1+ 94. Kg2 Qc2+ 95. Kh3 Qd3 96. Qg3 Qf1+ 97. Qg2 Qd3 98. Kg3 Qe3 99. Qf1 g5 100. Qf2 Qc1 101. Kg2 Qf4 102. Qg3 Qd2+ 103. Qf2 Qd1 104. Qg3 Qe2+ 105. Qf2 Qd1 106. Qg3 Qe2+ 107. Qf2 Qd1 1/2-1/2


[Site "https://www.chess.com"]

[Event "Titled Tuesday Blitz May 2 Late 2023"]
[White "Loiacono, Antonio"]
[Black "Kalaiyalahan, Akshaya"]
[WhiteFideId "895415"]
[BlackFideId "422894"]
[WhiteElo "2257"]
[BlackElo "2043"]
[Result "1-0"]
[Round "01"]
[TimeControl "180+2"]
[Date "2023.05.02"]
[WhiteClock "0:00:00"]
[BlackClock "0:00:00"]

1. e4 e6 2. d4 d5 3. Nc3 dxe4 4. Nxe4 Nf6 5. Nxf6+ Qxf6 6. Nf3 Bd6 7. Bg5 Qf5 8. Bd3 Qa5+ 9. c3 h6 10. Bh4 c5 11. dxc5 Qxc5 12. Bg3 e5 13. O-O O-O 14. h3 f5 15. Re1 Nd7 16. Rc1 Kh8 17. b4 Qc7 18. Bb5 f4 19. Bh2 Nf6 20. Nh4 Rd8 21. Qc2 g5 22. Nf5 Bxf5 23. Qxf5 Kg7 24. Kh1 e4 25. a3 Qb6 26. Bg1 a6 27. Bf1 Qc7 28. c4 Qe7 29. c5 Qe5 30. Qxe5 Bxe5 31. c6 bxc6 32. Rxc6 Rdc8 33. Rxa6 Rxa6 34. Bxa6 Rc3 35. a4 Ra3 36. Bb5 Bc3 37. Rb1 1-0


[Site "https://www.chess.com"]

[Event "Titled Tuesday Blitz May 2 Late 2023"]
[White "Adel, Sara"]
[Black "Jaskolka, Tomasz"]
[WhiteFideId "10616764"]
[BlackFideId "1170791"]
[WhiteElo "1982"]
[BlackElo "2155"]
[Result "1-0"]
[Round "01"]
[TimeControl "180+2"]
[Date "2023.05.02"]
[WhiteClock "0:00:00"]
[BlackClock "0:00:00"]

1. e4 e6 2. d4 d5 3. Nd2 Nf6 4. e5 Nfd7 5. Bd3 c5 6. c3 Nc6 7. Ne2 cxd4 8. cxd4 f6 9. exf6 Nxf6 10. O-O Bd6 11. Nf3 Qc7 12. Ng3 O-O 13. a3 Bd7 14. Bg5 e5 15. dxe5 Nxe5 16. Rc1 Bc6 17. Nxe5 Bxe5 18. Bxf6 Rxf6 19. b4 a6 20. Re1 Raf8 21. Qh5 Bf4 22. Qxh7+ Kf7 23. Nh5 Be5 24. Qxg7+ Ke6 25. Qxc7 1-0


[Site "https://www.chess.com"]

[Event "Titled Tuesday Blitz May 2 Late 2023"]
[White "Mordechai, Hanan"]
[Black "Winkels, Marcel"]
[WhiteFideId "2804166"]
[BlackFideId "1003887"]
[WhiteElo "2324"]
[BlackElo "1900"]
[Result "1-0"]
[Round "01"]
[TimeControl "180+2"]
[Date "2023.05.02"]
[WhiteClock "0:00:00"]
[BlackClock "0:00:00"]

1. Nf3 c5 2. g3 Nc6 3. Bg2 g6 4. c4 Bg7 5. O-O e5 6. d3 Nge7 7. Nc3 O-O 8. a3 a5 9. Rb1 d6 10. Nd2 Be6 11. Nd5 f5 12. b4 axb4 13. axb4 Bxd5 14. cxd5 Nxb4 15. Qb3 Kh8 16. Bb2 Ra7 17. Bc3 Na2 18. Ba1 Nb4 19. Bc3 Na2 20. Ba1 Nb4 21. f4 Qa5 22. Nc4 Qd8 23. fxe5 dxe5 24. Bxe5 Nexd5 25. Bxg7+ Kxg7 26. e4 Ne7 27. Rbd1 Nbc6 28. Qb5 Qd4+ 29. Kh1 Ra2 30. Qxb7 fxe4 31. Rxf8 Kxf8 32. Qc7 Qf2 33. Rg1 Kg8 34. Qd6 exd3 35. Qe6+ Kg7 36. Nd6 1-0


[Site "https://www.chess.com"]